 Dungeon Crawl Stone Soup version 0.28-a0-401-ge240ad9e29 (webtiles) character file.

Game seed: 17688574337153679207

27065 FilthyApe the Bludgeoner (level 13, 0/162 HPs)
             Began as a Minotaur Fighter on Sept 5, 2021.
             Was an Initiate of Gozag.
             Slain by a sun demon (15 damage)
             ... led by a balrug
             ... on level 2 of the Abyss.
             The game lasted 00:26:45 (17076 turns).

FilthyApe the Bludgeoner (Minotaur Fighter)        Turns: 17076, Time: 00:26:46

Health: 0/162      AC: 26    Str: 26    XL:     13   Next: 2%
Magic:  12/12      EV:  2    Int:  5    God:    Gozag
Gold:   448        SH: 20    Dex: 10    Spells: 12/12 levels left

rFire   . . .      SeeInvis .   a - +1 flail (freeze)
rCold   . . .      Faith    .   j - +1 tower shield
rNeg    + + +      Spirit   .   (armour currently unavailable)
rPois   +          Reflect  +   (helmet currently unavailable)
rElec   .          Harm     .   (cloak currently unavailable)
rCorr   .          Rampage  .   (gloves currently unavailable)
Will    .....      NoTele   +   (boots currently unavailable)
Stlth   +.........              y - amulet of reflection
HPRegen 0.37/turn               z - ring of poison resistance
MPRegen 0.13/turn               s - +4 ring of slaying

@: mighty, agile, tree-form, gold aura, hasted, very quick
A: stationary, stasis, torment immunity, boosted hp, (horns 2), (retaliatory
headbutt)
a: Renounce Religion, Potion Petition, Call Merchant, Bribe Branch


You were on level 2 of the Abyss.
You worshipped Gozag.
Gozag was aware of your devotion.
You were a tree.
You visited 3 branches of the dungeon, and saw 14 of its levels.
You visited the Abyss 1 time.
You also visited: Bailey and Volcano.

You collected 3022 gold pieces.
You spent 183 gold pieces at shops.
You paid 2391 gold pieces to Gozag.

Inventory:

Hand Weapons
 a - a +1 flail of freezing (weapon)
 b - a +4 scimitar of flaming
 d - a +2 demon trident of venom
Armour
 c - +0 swamp dragon scales (melded)
 j - a +1 tower shield (worn)
 p - a +0 pair of boots (melded)
 q - a scarf of repulsion (melded)
 x - a +2 pair of gloves (melded)
Jewellery
 s - a +4 ring of slaying (right branch)
 v - a ring of see invisible
 y - an amulet of reflection (around neck)
 z - a ring of poison resistance (left branch)
Wands
 o - a wand of digging (4)
Scrolls
 h - 3 scrolls of amnesia
 m - a scroll of enchant weapon
 n - a scroll of teleportation
Potions
 e - a potion of haste
 f - a potion of ambrosia {unknown}
 g - a potion of resistance {unknown}
 i - a potion of lignification
 k - a potion of invisibility
 l - 2 potions of berserk rage {unknown}
 t - 6 potions of curing
 u - a potion of brilliance {unknown}
 w - 3 potions of attraction


   Skills:
 + Level 8.7 Fighting
 + Level 20.6 Maces & Flails
 + Level 8.7 Armour
 + Level 8.7 Shields


You had 12 spell levels left.
You didn't know any spells.
Your spell library contained the following spells:

 Spells                   Type           Power      Damage    Failure   Level
 Apportation              Tloc           0%         N/A       99%         1
 Blink                    Tloc           N/A        N/A       100%        2
 Sublimation of Blood     Necr           0%         N/A       100%        2
 Conjure Flame            Conj/Fire      0%         6-21      100%        3
 Ignite Poison            Fire/Tmut/Pois 0%         N/A       100%        3
 Inner Flame              Hex/Fire       0%         N/A       100%        3
 Lesser Beckoning         Tloc           0%         N/A       100%        3
 Cause Fear               Hex            0%         N/A       100%        4
 Petrify                  Tmut/Erth      0%         N/A       100%        4
 Sticky Flame             Conj/Fire      0%         2d3       100%        4
 Alistair's Intoxication  Tmut/Pois      0%         N/A       100%        5
 Irradiate                Conj/Tmut      0%         3d13      100%        5
 Manifold Assault         Tloc           0%         N/A       100%        5
 Metabolic Englaciation   Hex/Ice        0%         N/A       100%        5
 Invisibility             Hex            0%         N/A       100%        6
 Statue Form              Tmut/Erth      0%         N/A       100%        6
 Discord                  Hex            0%         N/A       100%        8


Dungeon Overview and Level Annotations

Branches:
Dungeon (8/15)             Temple (1/1) D:4            Lair (5/6) D:8
  Swamp (0/4) Lair:2       Spider (0/4) Lair:4        Slime (0/5) Lair:5
 Bailey (visited)         Volcano (visited)

Altars:
Ashenzari
Dithmenos
Elyvilon
Gozag
Hepliaklqana
Kikubaaqudgha
Makhleb
Nemelex Xobeh
Qazlal
Ru
Sif Muna
Trog
Uskayaw
Vehumet
Wu Jian
Yredelemnul
Zin
The Shining One
Lugonu

Shops:
D:7 *   D:8 (   Lair:1 (   Lair:3 *

Annotations:
D:8 Maurice


Innate Abilities, Weirdness & Mutations

You are a tree.
Your roots penetrate the ground, keeping you stationary.
You cannot be teleported.
You are immune to unholy pain and torment.
Your maximum health is greatly increased.
Your equipment is partially melded.
((You have a pair of horns on your head.))
((You reflexively headbutt those who attack you in melee.))


Message History

You feel very mighty all of a sudden.
The sun demon is engulfed in seething chaos.
Unknown command.
Unknown command.
You sock the balrug! You freeze the balrug.
The balrug is severely wounded.
The balrug gestures at you.
The sticky flame hits you but does no damage.
You are covered in liquid flames!
Unknown command.
Unknown command.
You hit the balrug. You freeze the balrug.
The balrug is almost dead.
You are covered in liquid flames!
* * * LOW HITPOINT WARNING * * *
Unknown command.
Unknown command.
You closely miss the balrug.
The balrug is almost dead.
You are covered in liquid flames!
* * * LOW HITPOINT WARNING * * *
The balrug gestures at you. The bolt of fire hits you!!
* * * LOW HITPOINT WARNING * * *
Unknown command.
You bludgeon the balrug!! You freeze the balrug.
You kill the balrug!
You are covered in liquid flames!
* * * LOW HITPOINT WARNING * * *
You are no longer on fire.
You have reached level 13!
You feel better. You block something's attack.
Something hits you but does no damage.
You cannot move.
You cannot move.
You cannot move.
You feel better.
You closely miss the sun demon. Something hits you!
You die...
Your body crumbles into a pile of gold.

.# .....
# . .
#..#.#..
. ..#.
#...... .
. #
##...###
# . #
..#... #
. ...
...## . #
...
##{.####$
.. .....
##33..#
##... .
..# #♣$#
. .. ...
#.##$.#
#... ..
## ....#
## ....
.# .....#
#... ###
......#
##.#
.......
###
.....#.
......


You could see 2 sun demons.

Vanquished Creatures
  A balrug (Abyss:2)
  4 hydras
  Erica (D:8)
  3 death yaks (Lair:4)
  8 cane toads
  A smoke demon (Abyss:2)
  3 black mambas (Lair:4)
  Maggie (D:8)
  A spriggan skeleton (Abyss:2)
  2 rime drakes (Lair:3)
  A komodo dragon (Lair:3)
  A red devil (Abyss:2)
  A polar bear (Lair:3)
  A jumping spider (Lair:4)
  A raiju (Abyss:2)
  8 blink frogs
  Sigmund (D:4)
  6 redbacks (Lair:4)
  27 yaks
  2 basilisks
  3 steam dragons
  5 vampire mosquitoes (Lair:2)
  13 water moccasins
  3 black bears
  5 orc warriors
  A sky beast (D:5)
  2 ice beasts
  3 necrophages
  6 ogres
  17 wolves
  3 centaurs
  A phantom (D:5)
  A kobold brigand (D:8)
  12 bullfrogs
  3 scorpions
  2 water moccasin zombies
  A wyvern skeleton (D:6)
  A water moccasin skeleton (D:3)
  5 killer bees (D:8)
  4 electric eels (Lair:1)
  2 howler monkeys (D:7)
  3 centaur zombies
  6 hounds
  2 orc priests
  4 iguanas
  4 orc wizards
  A hound zombie (D:5)
  A hound skeleton (D:4)
  5 gnolls
  5 adders
  2 white imps
  2 ufetubi
  A dart slug (D:2)
  18 orcs
  9 ball pythons
  4 bats
  4 endoplasms
  4 giant cockroaches
  10 goblins
  5 hobgoblins
  10 kobolds
  2 quokkas (D:5)
  6 frilled lizards
  5 rats
280 creatures vanquished.

Vanquished Creatures (collateral kills)
  An iguana (D:6)
1 creature vanquished.

Vanquished Creatures (others)
  A bullfrog (Lair:3)
  15 fungi
  37 plants
53 creatures vanquished.

Grand Total: 334 creatures vanquished

Notes
Turn   | Place    | Note
-------+----------+-------------------------------------------
     0 | D:1      | FilthyApe the Minotaur Fighter began the quest for the Orb.
     0 | D:1      | Reached XP level 1. HP: 19/19 MP: 0/0
   236 | D:1      | Reached skill level 3 in Maces & Flails
   293 | D:1      | Reached XP level 2. HP: 26/26 MP: 1/1
   557 | D:1      | Found a faded altar of an unknown god.
   716 | D:2      | Noticed a scorpion
   721 | D:2      | Killed a scorpion
   722 | D:2      | Reached skill level 5 in Maces & Flails
   722 | D:2      | Reached XP level 3. HP: 19/31 MP: 2/2
   722 | D:2      | Reached XP level 4. HP: 24/39 MP: 3/3
  1779 | D:3      | Reached skill level 6 in Maces & Flails
  1779 | D:3      | Reached XP level 5. HP: 35/45 MP: 4/4
  2065 | D:4      | Found a hide-covered altar of Uskayaw.
  2067 | D:4      | Found a hazy altar of Hepliaklqana.
  2147 | D:4      | Reached skill level 7 in Maces & Flails
  2389 | D:4      | Reached XP level 6. HP: 17/51 MP: 5/5
  2662 | D:4      | Reached skill level 8 in Maces & Flails
  2758 | D:4      | Noticed Sigmund
  2771 | D:4      | Killed Sigmund
  2772 | D:4      | Reached skill level 9 in Maces & Flails
  2772 | D:4      | Reached XP level 7. HP: 35/57 MP: 6/6
  3296 | D:4      | Found a staircase to the Ecumenical Temple.
  3302 | Temple   | Entered the Ecumenical Temple
  3340 | Temple   | Became a worshipper of Gozag Ym Sagoz the Greedy
  3416 | D:5      | Entered Level 5 of the Dungeon
  3567 | D:5      | Reached skill level 10 in Maces & Flails
  3944 | D:5      | Found a sacrificial altar of Ru.
  4059 | D:5      | Reached XP level 8. HP: 25/67 MP: 7/7
  4415 | D:5      | Found a basalt altar of Yredelemnul.
  4801 | D:5      | Reached skill level 5 in Fighting
  4801 | D:5      | Reached skill level 5 in Armour
  4801 | D:5      | Reached skill level 5 in Shields
  5158 | D:6      | Reached skill level 11 in Maces & Flails
  5679 | D:6      | Reached XP level 9. HP: 72/75 MP: 8/8
  6637 | D:7      | Found an ancient bone altar of Kikubaaqudgha.
  6981 | D:7      | Reached skill level 12 in Maces & Flails
  7232 | D:7      | Bought a potion of heal wounds for 155 gold pieces
  7256 | D:7      | Found a stormy altar of Qazlal.
  7394 | D:7      | Found an ornate altar of the Wu Jian Council.
  7469 | D:8      | Noticed Maurice
  7498 | D:8      | Noticed Maggie
  7510 | D:8      | Found a flagged portal.
  7518 | D:8      | Found Bauf's Antique Weapon Emporium.
  7555 | D:8      | Killed Maggie
  7556 | D:8      | Reached XP level 10. HP: 67/88 MP: 9/9
  7667 | Bailey   | Entered a bailey
  7971 | Bailey   | Found an iron altar of Okawaru.
  8227 | D:8      | Found a shadowy altar of Dithmenos.
  8369 | D:8      | Reached skill level 13 in Maces & Flails
  8599 | D:8      | Noticed Erica
  8606 | D:8      | Killed Erica
  9097 | D:8      | Reached skill level 14 in Maces & Flails
  9131 | D:8      | Found a shimmering blue altar of Sif Muna.
  9175 | D:8      | Found a staircase to the Lair.
  9355 | Lair:1   | Entered Level 1 of the Lair of Beasts
  9669 | Lair:1   | Noticed a cane toad
  9684 | Lair:1   | Killed a cane toad
  9987 | Lair:1   | Reached skill level 15 in Maces & Flails
 10114 | Lair:1   | Reached XP level 11. HP: 66/94 MP: 10/10
 11080 | Lair:1   | Noticed a five-headed hydra
 11090 | Lair:1   | Killed a one-headed hydra
 11091 | Lair:1   | Reached skill level 16 in Maces & Flails
 11527 | Lair:2   | Found a staircase to the Swamp.
 12416 | Lair:2   | Reached skill level 17 in Maces & Flails
 13117 | Lair:3   | Noticed a four-headed hydra
 13532 | Lair:3   | Reached skill level 18 in Maces & Flails
 13635 | Lair:3   | Killed a one-headed hydra
 13933 | Lair:3   | Reached XP level 12. HP: 93/101 MP: 11/11
 14721 | Lair:3   | Bought a scroll labelled JOLAF DIET for 28 gold pieces
 14754 | Lair:4   | Found a hole to the Spider Nest.
 14910 | Lair:4   | Reached skill level 19 in Maces & Flails
 15287 | Lair:4   | Noticed a death yak
 15288 | Lair:4   | Noticed a death yak
 15657 | Lair:4   | Noticed a death yak
 15664 | Lair:4   | Killed a death yak
 15674 | Lair:4   | Killed a death yak
 15681 | Lair:4   | Killed a death yak
 15979 | Lair:4   | Reached skill level 20 in Maces & Flails
 16033 | Lair:4   | Noticed a four-headed hydra
 16042 | Lair:4   | Killed a four-headed hydra
 16242 | Lair:4   | Identified the +8 chain mail "Ebyiph" {Harm +Inv Will+}
 16668 | Lair:5   | Noticed an eight-headed hydra
 16677 | Lair:5   | Killed a three-headed hydra
 16728 | Lair:5   | Found a dark tunnel.
 16742 | Volcano  | Entered a volcano
 16965 | Volcano  | Cast into level 2 of the Abyss (a wizard)
 17053 | Abyss:2  | Noticed a balrug
 17059 | Abyss:2  | HP: 1/103 [balrug (13)]
 17072 | Abyss:2  | HP: 6/154 [balrug/bolt of fire (31)]
 17073 | Abyss:2  | Killed a balrug
 17073 | Abyss:2  | HP: 2/154 [burnt (4)]
 17074 | Abyss:2  | Reached XP level 13. HP: 3/108 MP: 12/12
 17076 | Abyss:2  | Slain by a sun demon

Illustrated notes

Levels and vault maps discovered:
D:1:      wander_arrival_estate, layout_loops_cross,
          dreamdust_ecumenical_altar_angels_and_demons
D:2:      layout_basic
D:3:      layout_rooms, chequers_serial_rivers_room_a
D:4:      layout_gridville, chequers_temple_overflow_statue_of_worship,
          minmay_temple_entry_fiery, grunt_tough_drop, uniq_sigmund
D:5:      layout_loops_ring, kennysheep_mini, old_standard_altar,
          chequers_serial_rivers_micro_b
D:6:      layout_loops_cross
D:7:      cheibrodos_quashed, layout_basic, nicolae_overflow_hidden_temple,
          mainiacjoe_overflow_alcove_4
D:8:      layout_basic, lemuel_tele_altar, nicolae_sif_muna_little_library,
          dpeg_oklobed_lair, serial_shops, shop, enter_bailey_4,
          amethyst_killhole, roderic_serpentine_path, grunt_ministairs_11,
          uniq_maggie, uniq_maurice, uniq_erica
Temple:   corrupted_temple
Lair:1:   layout_regular_city, serial_bayou, serial_bayou_lagoon_b,
          serial_bayou_ford_a, serial_bayou_pond_a, serial_bayou_crossing,
          minivault_27
Lair:2:   layout_cave_pods, minmay_swamp_entry_swarm
Lair:3:   layout_misc_corridors
Lair:4:   layout_gridlike, nicolae_spider_entry_tight_spaces, wad_woods_road_05,
          grunt_megastairs_1, lemuel_fruit_tree
Lair:5:   layout_roguey, slime_altar_2, lightli_volcano_entry_magma_tube,
          serial_bayou_shore_b
Abyss:2:  base:
Lair:2
Volcano:  volcano_bunker

Skill      XL: |  1  2  3  4  5  6  7  8  9 10 11 12 |
---------------+-------------------------------------+-----
Maces & Flails | 3 5 6 7 9 10 11 12 15 18 20 | 20.6
Fighting       | 4 6 8 |  8.7
Armour         | 4 6 8 |  8.7
Shields        | 4 6 8 |  8.7

Action                   |  1- 3 |  4- 6 |  7- 9 | 10-12 | 13-15 || total
-------------------------+-------+-------+-------+-------+-------++-------
Melee: Flail             |    25 |   115 |   320 |   651 |     1 ||  1112
       Headbutt          |     5 |    12 |    59 |   127 |       ||   203
       Scimitar          |       |       |       |    16 |       ||    16
Invok: Call Merchant     |       |       |     1 |     2 |       ||     3
  Use: Potion            |     1 |       |       |    10 |     2 ||    13
       Scroll            |       |       |    14 |    11 |       ||    25
 Stab: Distracted        |       |       |       |     5 |       ||     5
Armor: Scale mail        |    10 |    35 |    70 |    24 |       ||   139
       Swamp dragon scal |       |       |       |   195 |       ||   195
       Skin              |       |       |       |     2 |     1 ||     3
Dodge: Dodged            |     9 |    57 |   122 |   215 |       ||   403
       Repelled          |       |       |     1 |     3 |       ||     4
Block: Buckler           |     6 |    18 |    46 |    23 |       ||    93
       Tower shield      |       |       |       |   434 |     1 ||   435

Table legend: (Time is in decaauts)
 A = Elapsed time spent in this place.
 B = Non-inter-level travel time spent in this place.
 C = Inter-level travel time spent in this place.
 D = Time resting spent in this place.
 E = Time spent auto-exploring this place.
 F = Levels seen in this place.
 G = Mean time per level.
                   A        B        C        D        E       F      G
               +--------+--------+--------+--------+--------+-----+--------+
         Total |  17079 |  16718 |    361 |   3578 |  10400 |  17 | 1004.6 |
       Dungeon |   9112 |   8963 |    149 |   1420 |   6226 |   8 | 1139.0 |
        Temple |     51 |     28 |     23 |      0 |     20 |   1 |   51.0 |
          Lair |   7258 |   7069 |    189 |   1753 |   4124 |   5 | 1451.6 |
         Abyss |    105 |    105 |      0 |      0 |      0 |   1 |  105.0 |
        Bailey |    328 |    328 |      0 |    198 |     30 |   1 |  328.0 |
       Volcano |    222 |    222 |      0 |    207 |      0 |   1 |  222.0 |
               +--------+--------+--------+--------+--------+-----+--------+

Top non-repeatable levels by time:
  Lair:4: 2011 daAuts
  Lair:1: 1961 daAuts
     D:8: 1758 daAuts
     D:5: 1712 daAuts
  Lair:3: 1599 daAuts
  Lair:2: 1514 daAuts
     D:6: 1357 daAuts
     D:4: 1300 daAuts
     D:2: 950 daAuts
     D:7: 908 daAuts
     D:1: 649 daAuts
     D:3: 475 daAuts
  Bailey: 328 daAuts
 Volcano: 222 daAuts
  Lair:5: 171 daAuts
